AoeStats
← needAbeer

Black Forest

509901422Analyzed
4v4 RM · 5d ago on Sep 28, 2026· 74m 10s· 8 players
Game mode
Random Map
Map size
Large (8 player)
Population
200
Speed
Normal
Resources
Standard
Victory
Conquest
Starting age
Dark Age
Ending age
Imperial Age
RankedLock teamsTeams togetherTeam positionsShared explorationLock speedFull tech treeHidden civsTurbo modeCheats
Victory
Defeat
🇺🇸 Japanese · United States
1232
+15
🇺🇸 Tupi · United States
1232
+15
🇦🇷 Bulgarians · Argentina
1226
+16
🇨🇳 Persians · China
1170
+18
🇨🇭 Ethiopians · Switzerland
1264
-17
🇹🇷 Lithuanians · Türkiye
1235
-17
🇩🇪 Portuguese · Germany
1215
-16
🇧🇭 Vikings · Bahrain
1158
-14
Gerrson
0:46 Loom
11:57 Feudal Age
17:26 Castle Age
19:24 Castle Age
32:44 Imperial Age
40:39 Chemistry
45:01 Siege Engineers
46:01 Arquebus
50:42 Coinage
53:39 Bombard Tower
54:57 Banking
54:41 Padded Archer Armor
54:32 Fletching
56:01 Ballistics
55:52 Masonry
57:33 Leather Archer Armor
57:14 Bodkin Arrow
58:53 Architecture
58:04 Treadmill Crane
59:01 Ring Archer Armor
62:43 Fortified Wall
62:30 Murder Holes
62:47 Bracer
69:45 Fortified Wall
needAbeer
4:46 Loom
10:15 Feudal Age
11:28 Double-Bit Axe
14:23 Castle Age
13:02 Horse Collar
15:24 Bow Saw
20:01 Wheelbarrow
20:21 Heavy Plow
21:59 Hand Cart
25:22 Gold Mining
28:58 Imperial Age
26:51 Fletching
27:02 Padded Archer Armor
26:35 Crossbowman
28:07 Gold Shaft Mining
27:26 Stone Mining
28:45 Ballistics
28:21 Bodkin Arrow
28:41 Leather Archer Armor
28:46 Town Watch
29:40 Thumb Ring
29:08 Arbalester
29:50 Bracer
31:23 Chemistry
30:59 Coinage
31:08 Ring Archer Armor
31:40 Scale Mail Armor
31:41 Squires
32:41 Conscription
34:00 Onager
35:29 Banking
35:29 Siege Engineers
35:27 Torsion Engines
36:33 Two-Man Saw
38:34 Siege Onager
39:41 Chain Mail Armor
41:26 Siege Onager
42:34 Capped Ram
44:05 Caravan
43:45 Siege Ram
51:37 Heavy Scorpion
55:20 Guilds
56:59 Elite Skirmisher
58:07 Elite Shotel Warrior
Nuhro
10:45 Feudal Age
15:35 Castle Age
13:35 Loom
15:51 Castle Age
13:48 Double-Bit Axe
13:44 Horse Collar
17:33 Scale Barding Armor
19:13 Forging
21:49 Gold Mining
25:16 Bow Saw
25:48 Heavy Plow
28:11 Wheelbarrow
30:01 Hand Cart
33:06 Imperial Age
31:51 Bloodlines
31:44 Husbandry
32:14 Chain Barding Armor
33:15 Cavalier
34:31 Paladin
35:49 Plate Barding Armor
35:49 Iron Casting
40:29 Stone Mining
41:34 Conscription
44:30 Two-Man Saw
44:02 Crop Rotation
43:20 Town Watch
44:01 Light Cavalry
47:16 Winged Hussar
53:46 Fletching
54:33 Ballistics
54:24 Masonry
56:57 Murder Holes
58:10 Architecture
67:52 Elite Skirmisher
68:40 Thumb Ring
70:23 Chemistry
71:40 Bodkin Arrow
71:46 Padded Archer Armor
72:39 Bombard Tower
Hunt99x
0:31 Loom
11:09 Feudal Age
11:40 Double-Bit Axe
16:18 Castle Age
17:25 Horse Collar
17:38 Stone Mining
18:19 Bow Saw
21:56 Squires
25:17 Town Watch
26:29 Heavy Plow
31:29 Imperial Age
29:00 Town Patrol
29:24 Ballistics
28:45 Treadmill Crane
29:19 Scale Mail Armor
29:20 Gold Mining
29:37 Arson
31:28 Gold Shaft Mining
31:38 Forging
31:43 Chain Mail Armor
31:19 Fletching
33:15 Iron Casting
33:43 Two-Man Saw
33:17 Crop Rotation
33:31 Plate Mail Armor
33:25 Conscription
33:08 Heavy Scorpion
35:19 Chemistry
34:30 Masonry
34:31 Fortified Wall
35:12 Hoardings
36:43 Blast Furnace
35:39 Bodkin Arrow
35:34 Arrowslits
35:45 Murder Holes
35:15 Man-at-Arms
36:26 Chieftains
36:38 Capped Ram
36:53 Elite Berserk
38:43 Bracer
39:14 Siege Ram
39:30 Elite Varangian Guard
39:31 Long Swordsman
48:45 Two-Handed Swordsman
51:23 Caravan
51:04 Champion
Doc.
1:00 Loom
10:56 Feudal Age
15:00 Castle Age
13:06 Double-Bit Axe
13:29 Horse Collar
16:00 Bow Saw
20:51 Wheelbarrow
21:41 Heavy Plow
25:02 Hand Cart
25:04 Stone Mining
26:23 Fortified Wall
26:07 Guard Tower
26:31 Forging
26:21 Scale Mail Armor
26:36 Gold Mining
31:07 Imperial Age
28:34 Treadmill Crane
29:05 Masonry
29:14 Man-at-Arms
29:40 Gambesons
29:57 Squires
29:42 Arson
30:35 Iron Casting
31:14 Gold Shaft Mining
30:31 Long Swordsman
31:29 Chain Mail Armor
31:26 Caravan
32:54 Two-Man Saw
32:23 Conscription
32:36 Kataparuto
31:39 Two-Handed Swordsman
33:12 Keep
33:38 Chemistry
34:39 Blast Furnace
34:09 Plate Mail Armor
33:02 Champion
34:04 Yasama
34:10 Fletching
34:44 Ballistics
34:09 Arrowslits
34:33 Onager
35:46 Siege Engineers
36:59 Bodkin Arrow
37:19 Devotion
38:38 Hoardings
38:54 Bracer
49:47 Town Watch
54:23 Town Patrol
58:52 Pikeman
59:53 Halberdier
64:43 Elite Skirmisher
65:29 Thumb Ring
68:37 Bloodlines
68:27 Husbandry
67:49 Light Cavalry
68:35 Scale Barding Armor
69:52 Chain Barding Armor
72:32 Capped Ram
73:03 Cavalier
73:55 Padded Archer Armor
nickcashout
12:05 Feudal Age
13:12 Double-Bit Axe
13:09 Horse Collar
14:05 Loom
18:03 Castle Age
16:00 Town Watch
16:50 Wheelbarrow
16:43 Gold Mining
17:15 Stone Mining
19:16 Bow Saw
23:41 Heavy Plow
26:38 Caravan
29:20 Gold Shaft Mining
29:14 Hand Cart
32:57 Imperial Age
30:57 Ballistics
30:19 Treadmill Crane
31:00 Ballistics
33:26 Town Patrol
33:30 Padded Archer Armor
33:21 Fletching
34:59 Chemistry
34:20 Leather Archer Armor
35:09 Two-Man Saw
34:38 Bodkin Arrow
35:14 Ring Archer Armor
35:12 Conscription
35:01 Curare
34:20 Elite Blackwood Archer
35:38 Bracer
37:26 Coinage
37:21 Murder Holes
38:07 Hoardings
39:02 Banking
Cherry
3:15 Loom
11:39 Feudal Age
12:12 Arson
14:08 Forging
14:00 Scale Mail Armor
17:02 Fletching
23:45 Castle Age
23:07 Double-Bit Axe
25:02 Chain Mail Armor
28:46 Bodkin Arrow
31:25 Iron Casting
38:19 Imperial Age
36:51 Wheelbarrow
36:02 Town Watch
37:50 Hand Cart
37:35 Town Patrol
38:50 Pikeman
39:31 Squires
40:31 Blast Furnace
40:02 Plate Mail Armor
41:49 Halberdier
43:19 Town Patrol
45:24 Bow Saw
44:55 Horse Collar
45:06 Gold Mining
45:06 Stone Mining
45:19 Bracer
45:13 Gambesons
48:13 Ballistics
48:54 Chemistry
47:59 Siege Engineers
47:49 Murder Holes
48:05 Masonry
54:39 Capped Ram
56:10 Gold Shaft Mining
56:10 Stone Shaft Mining
56:20 Siege Ram
60:17 Heavy Plow
60:53 Stone Shaft Mining
62:34 Architecture
62:52 Crop Rotation
64:20 Bagains
64:41 Conscription
72:03 Caravan
72:34 Coinage
546308830
1:22 Loom
10:52 Feudal Age
15:49 Castle Age
14:25 Double-Bit Axe
16:40 Bow Saw
21:49 Horse Collar
23:23 Heavy Plow
32:13 Imperial Age
29:43 Gold Mining
Connection lost

Rejoining the realm…

Still unreachable

The connection could not be restored.

Session expired

The server has moved on; the page needs a fresh start.